Workbook

Sheet FTR - Results
G2: Results Tracker: KPI Dashboard | H2: Start Bank (Points) | I2: 100 | J2: Current Bank (Points) | K2: =N38+I2 -> 100 | L2: Total Points Staked | N2: =I38 -> 0
H3: Start Date | I3: 45998 | J3: PnL (Points +/-) | K3: =K2-I2 -> 0 | L3: Return on Investment (ROI) | N3: =K3/N2*100 -> #DIV/0!
H4: Active Days | I4: =TODAY()-I3+1 -> 1 | J4: Bank Growth (%) | K4: =K3/I2*100 -> 0 | L4: Return on Capital (ROC) | N4: =K3/I2*100 -> 0
B6: Day | C6: Date | D6: Comp | E6: Match | F6: Market | G6: Selection | H6: Price | I6: Points | J6: FT Result | K6: W/D/L | L6: Points (+/-) | M6: BF Comm | N6: Total Points
B7: 1 | C7: =I3 -> 45998 | L7: =IF(K7="w",(H7-1)*I7,-I7) -> 0 | M7: =IF(K7="w",(L7/100*2),0) -> 0 | N7: =L7-M7 -> 0
B8: 2 | C8: =C7+1 -> 45999 | L8: =IF(K8="w",(H8-1)*I8,-I8) -> 0 | M8: =IF(K8="w",(L8/100*2),0) -> 0 | N8: =L8-M8 -> 0
B9: 3 | C9: =C8+1 -> 46000 | L9: =IF(K9="w",(H9-1)*I9,-I9) -> 0 | M9: =IF(K9="w",(L9/100*2),0) -> 0 | N9: =L9-M9 -> 0
B10: 4 | C10: =C9+1 -> 46001 | L10: =IF(K10="w",(H10-1)*I10,-I10) -> 0 | M10: =IF(K10="w",(L10/100*2),0) -> 0 | N10: =L10-M10 -> 0
B11: 5 | C11: =C10+1 -> 46002 | L11: =IF(K11="w",(H11-1)*I11,-I11) -> 0 | M11: =IF(K11="w",(L11/100*2),0) -> 0 | N11: =L11-M11 -> 0
B12: 6 | C12: =C11+1 -> 46003 | L12: =IF(K12="w",(H12-1)*I12,-I12) -> 0 | M12: =IF(K12="w",(L12/100*2),0) -> 0 | N12: =L12-M12 -> 0
B13: 7 | C13: =C12+1 -> 46004 | L13: =IF(K13="w",(H13-1)*I13,-I13) -> 0 | M13: =IF(K13="w",(L13/100*2),0) -> 0 | N13: =L13-M13 -> 0
B14: 8 | C14: =C13+1 -> 46005 | L14: =IF(K14="w",(H14-1)*I14,-I14) -> 0 | M14: =IF(K14="w",(L14/100*2),0) -> 0 | N14: =L14-M14 -> 0
B15: 9 | C15: =C14+1 -> 46006 | L15: =IF(K15="w",(H15-1)*I15,-I15) -> 0 | M15: =IF(K15="w",(L15/100*2),0) -> 0 | N15: =L15-M15 -> 0
B16: 10 | C16: =C15+1 -> 46007 | L16: 0 | M16: =IF(K16="w",(L16/100*2),0) -> 0 | N16: =L16-M16 -> 0
B17: 11 | C17: =C16+1 -> 46008 | L17: =IF(K17="w",(H17-1)*I17,-I17) -> 0 | M17: =IF(K17="w",(L17/100*2),0) -> 0 | N17: =L17-M17 -> 0
B18: 12 | C18: =C17+1 -> 46009 | L18: =IF(K18="w",(H18-1)*I18,-I18) -> 0 | M18: =IF(K18="w",(L18/100*2),0) -> 0 | N18: =L18-M18 -> 0
B19: 13 | C19: =C18+1 -> 46010 | L19: =IF(K19="w",(H19-1)*I19,-I19) -> 0 | M19: =IF(K19="w",(L19/100*2),0) -> 0 | N19: =L19-M19 -> 0
B20: 14 | C20: =C19+1 -> 46011 | L20: =IF(K20="w",(H20-1)*I20,-I20) -> 0 | M20: =IF(K20="w",(L20/100*2),0) -> 0 | N20: =L20-M20 -> 0
B21: 15 | C21: =C20+1 -> 46012 | L21: =IF(K21="w",(H21-1)*I21,-I21) -> 0 | M21: =IF(K21="w",(L21/100*2),0) -> 0 | N21: =L21-M21 -> 0
B22: 16 | C22: =C21+1 -> 46013 | L22: =IF(K22="w",(H22-1)*I22,-I22) -> 0 | M22: =IF(K22="w",(L22/100*2),0) -> 0 | N22: =L22-M22 -> 0
B23: 17 | C23: =C22+1 -> 46014 | L23: =IF(K23="w",(H23-1)*I23,-I23) -> 0 | M23: =IF(K23="w",(L23/100*2),0) -> 0 | N23: =L23-M23 -> 0
B24: 18 | C24: =C23+1 -> 46015 | L24: =IF(K24="w",(H24-1)*I24,-I24) -> 0 | M24: =IF(K24="w",(L24/100*2),0) -> 0 | N24: =L24-M24 -> 0
B25: 19 | C25: =C24+1 -> 46016 | L25: =IF(K25="w",(H25-1)*I25,-I25) -> 0 | M25: =IF(K25="w",(L25/100*2),0) -> 0 | N25: =L25-M25 -> 0
B26: 20 | C26: =C25+1 -> 46017 | L26: =IF(K26="w",(H26-1)*I26,-I26) -> 0 | M26: =IF(K26="w",(L26/100*2),0) -> 0 | N26: =L26-M26 -> 0
B27: 21 | C27: =C26+1 -> 46018 | L27: =IF(K27="w",(H27-1)*I27,-I27) -> 0 | M27: =IF(K27="w",(L27/100*2),0) -> 0 | N27: =L27-M27 -> 0
B28: 22 | C28: =C27+1 -> 46019 | L28: =IF(K28="w",(H28-1)*I28,-I28) -> 0 | M28: =IF(K28="w",(L28/100*2),0) -> 0 | N28: =L28-M28 -> 0
... B37: 31 | C37: =C36+1 -> 46028 | L37: =IF(K37="w",(H37-1)*I37,-I37) -> 0 | M37: =IF(K37="w",(L37/100*2),0) -> 0 | N37: =L37-M37 -> 0
I38: =SUM(I7:I36) -> 0 | J38: Pts Staked | K38: PnL | L38: =SUM(L7:L36) -> 0 | M38: =SUM(M7:M36) -> 0 | N38: =L38-M38 -> 0

Sheet FTR - Chart
B2: FOOTBALL TRADING ROOM - 'MONTH' 2025: DAILY RESULTS
B4: Day | C4: Day Points: Profit / Loss | D4: Bank: Acc Points
B5: 0 | C5: 0 | D5: 0
B6: 1 | C6: ='FTR - Results'!N7 -> 0 | D6: =D5+C6 -> 0
B7: 2 | C7: ='FTR - Results'!N8 -> 0 | D7: =D6+C7 -> 0
B8: 3 | C8: ='FTR - Results'!N9 -> 0 | D8: =D7+C8 -> 0
B9: 4 | C9: ='FTR - Results'!N10 -> 0 | D9: =D8+C9 -> 0
B10: 5 | C10: ='FTR - Results'!N11 -> 0 | D10: =D9+C10 -> 0
B11: 6 | C11: ='FTR - Results'!N12 -> 0 | D11: =D10+C11 -> 0
B12: 7 | C12: ='FTR - Results'!N13 -> 0 | D12: =D11+C12 -> 0
B13: 8 | C13: ='FTR - Results'!N14 -> 0 | D13: =D12+C13 -> 0
B14: 9 | C14: ='FTR - Results'!N15 -> 0 | D14: =D13+C14 -> 0
B15: 10 | C15: ='FTR - Results'!N16 -> 0 | D15: =D14+C15 -> 0
B16: 11 | C16: ='FTR - Results'!N17 -> 0 | D16: =D15+C16 -> 0
B17: 12 | C17: ='FTR - Results'!N18 -> 0 | D17: =D16+C17 -> 0
... B36: 31 | C36: ='FTR - Results'!N37 -> 0 | D36: =D35+C36 -> 0

Sheet PGX5 - Results
G2: Record Tracking & Stake Calculation | H2: Start Bank (£) | I2: 1000 | N2: Current Bank (£) | O2: =O37 -> 939.39394
H3: Start Date | I3: ='FTR - Results'!I3 -> 45998 | N3: Growth (£) | O3: =O2-I2 -> -60.606061
H4: Days # | I4: =TODAY()-I3+1 -> 1 | N4: Increase (%) | O4: =SUM(O2-I2)/I2*100 -> -6.0606061
B6: Day | C6: Date | D6: Comp | E6: Match | F6: Market | G6: Selection | H6: Price | I6: Stake | J6: Result | K6: W/L/D | L6: Start Bank | M6: PnL | N6: BF Comm. | O6: End Bank
B7: 1 | C7: =I3 -> 45998 | I7: =L7/16.5 -> 60.606061 | L7: =I2 -> 1000 | M7: =IF(K7="w",(H7-1)*I7,-I7) -> -60.606061 | N7: =IF(K7="w",(M7/100*2),0) -> 0 | O7: =L7+M7-N7 -> 939.39394
B8: 2 | C8: =C7+1 -> 45999 | L8: =O7 -> 939.39394 | M8: =IF(K8="w",(H8-1)*I8,-I8) -> 0 | N8: =IF(K8="w",(M8/100*2),0) -> 0 | O8: =L8+M8-N8 -> 939.39394
B9: 3 | C9: =C8+1 -> 46000 | L9: =O8 -> 939.39394 | M9: =IF(K9="w",(H9-1)*I9,-I9) -> 0 | N9: =IF(K9="w",(M9/100*2),0) -> 0 | O9: =L9+M9-N9 -> 939.39394
B10: 4 | C10: =C9+1 -> 46001 | L10: =O9 -> 939.39394 | M10: =IF(K10="w",(H10-1)*I10,-I10) -> 0 | N10: =IF(K10="w",(M10/100*2),0) -> 0 | O10: =L10+M10-N10 -> 939.39394
B11: 5 | C11: =C10+1 -> 46002 | L11: =O10 -> 939.39394 | M11: =IF(K11="w",(H11-1)*I11,-I11) -> 0 | N11: =IF(K11="w",(M11/100*2),0) -> 0 | O11: =L11+M11-N11 -> 939.39394
B12: 6 | C12: =C11+1 -> 46003 | L12: =O11 -> 939.39394 | M12: =IF(K12="w",(H12-1)*I12,-I12) -> 0 | N12: =IF(K12="w",(M12/100*2),0) -> 0 | O12: =L12+M12-N12 -> 939.39394
B13: 7 | C13: =C12+1 -> 46004 | L13: =O12 -> 939.39394 | M13: =IF(K13="w",(H13-1)*I13,-I13) -> 0 | N13: =IF(K13="w",(M13/100*2),0) -> 0 | O13: =L13+M13-N13 -> 939.39394
B14: 8 | C14: =C13+1 -> 46005 | L14: =O13 -> 939.39394 | M14: =IF(K14="w",(H14-1)*I14,-I14) -> 0 | N14: =IF(K14="w",(M14/100*2),0) -> 0 | O14: =L14+M14-N14 -> 939.39394
B15: 9 | C15: =C14+1 -> 46006 | L15: =O14 -> 939.39394 | M15: =IF(K15="w",(H15-1)*I15,-I15) -> 0 | N15: =IF(K15="w",(M15/100*2),0) -> 0 | O15: =L15+M15-N15 -> 939.39394
B16: 10 | C16: =C15+1 -> 46007 | L16: =O15 -> 939.39394 | M16: =IF(K16="w",(H16-1)*I16,-I16) -> 0 | N16: =IF(K16="w",(M16/100*2),0) -> 0 | O16: =L16+M16-N16 -> 939.39394
B17: 11 | C17: =C16+1 -> 46008 | L17: =O16 -> 939.39394 | M17: =IF(K17="w",(H17-1)*I17,-I17) -> 0 | N17: =IF(K17="w",(M17/100*2),0) -> 0 | O17: =L17+M17-N17 -> 939.39394
B18: 12 | C18: =C17+1 -> 46009 | L18: =O17 -> 939.39394 | M18: =IF(K18="w",(H18-1)*I18,-I18) -> 0 | N18: =IF(K18="w",(M18/100*2),0) -> 0 | O18: =L18+M18-N18 -> 939.39394
B19: 13 | C19: =C18+1 -> 46010 | L19: =O18 -> 939.39394 | M19: =IF(K19="w",(H19-1)*I19,-I19) -> 0 | N19: =IF(K19="w",(M19/100*2),0) -> 0 | O19: =L19+M19-N19 -> 939.39394
... B37: 31 | C37: =C36+1 -> 46028 | L37: =O36 -> 939.39394 | M37: =IF(K37="w",(H37-1)*I37,-I37) -> 0 | N37: =IF(K37="w",(M37/100*2),0) -> 0 | O37: =L37+M37-N37 -> 939.39394

Sheet PGX5 - CHART
B2: PRO-GENIE X5 - 'MONTH' 2025: DAILY RESULTS
B4: Day | C4: Profit / Loss (£) | D4: Acc Bank (£)
B5: 0 | C5: 0 | D5: 0
B6: 1 | C6: ='PGX5 - Results'!M7-'PGX5 - Results'!N7 -> -60.606061 | D6: =D5+C6 -> -60.606061
B7: 2 | C7: ='PGX5 - Results'!M8-'PGX5 - Results'!N8 -> 0 | D7: =D6+C7 -> -60.606061
B8: 3 | C8: ='PGX5 - Results'!M9-'PGX5 - Results'!N9 -> 0 | D8: =D7+C8 -> -60.606061
B9: 4 | C9: ='PGX5 - Results'!M10-'PGX5 - Results'!N10 -> 0 | D9: =D8+C9 -> -60.606061
B10: 5 | C10: ='PGX5 - Results'!M11-'PGX5 - Results'!N11 -> 0 | D10: =D9+C10 -> -60.606061
B11: 6 | C11: ='PGX5 - Results'!M12-'PGX5 - Results'!N12 -> 0 | D11: =D10+C11 -> -60.606061
B12: 7 | C12: ='PGX5 - Results'!M13-'PGX5 - Results'!N13 -> 0 | D12: =D11+C12 -> -60.606061
B13: 8 | C13: ='PGX5 - Results'!M14-'PGX5 - Results'!N14 -> 0 | D13: =D12+C13 -> -60.606061
B14: 9 | C14: ='PGX5 - Results'!M15-'PGX5 - Results'!N15 -> 0 | D14: =D13+C14 -> -60.606061
B15: 10 | C15: ='PGX5 - Results'!M16-'PGX5 - Results'!N16 -> 0 | D15: =D14+C15 -> -60.606061
B16: 11 | C16: ='PGX5 - Results'!M17-'PGX5 - Results'!N17 -> 0 | D16: =D15+C16 -> -60.606061
B17: 12 | C17: ='PGX5 - Results'!M18-'PGX5 - Results'!N18 -> 0 | D17: =D16+C17 -> -60.606061
... B36: 31 | C36: ='PGX5 - Results'!M37-'PGX5 - Results'!N37 -> 0 | D36: =D35+C36 -> -60.606061

Sheet PXCS - Results
F2: Results Tracker: KPI Dashboard | G2: Start Bank (Points) | H2: 50 | I2: End Bank (Points) | J2: =L100+50 -> 50 | K2: Total Points Staked | M2: =G100 -> 0
G3: Start Date | H3: ='FTR - Results'!I3 -> 45998 | I3: PnL (Points +/-) | J3: =J2-H2 -> 0 | K3: Return on Investment (ROI) | M3: =J3/M2*100 -> #DIV/0!
G4: Active Days | H4: =TODAY()-H3 -> 0 | I4: Bank Growth (%) | J4: =J3/H2*100 -> 0 | K4: Return on Capital (ROC) | M4: =J3/H2*100 -> 0
B6: Date | C6: Comp | D6: Match | E6: PXCS Prediction | F6: Price | G6: Points | H6: FT Result | I6: W/D/L | J6: Points (+/-) | K6: Comm (2%) | L6: Total Points
B7: =H3 -> 45998 | J7: =IF(I7="w",(F7-1)*G7,-G7) -> 0 | K7: =IF(I7="w",(J7/100*2),0) -> 0 | L7: =J7-K7 -> 0
J8: =IF(I8="w",(F8-1)*G8,-G8) -> 0 | K8: =IF(I8="w",(J8/100*2),0) -> 0 | L8: =J8-K8 -> 0
J9: =IF(I9="w",(F9-1)*G9,-G9) -> 0 | K9: =IF(I9="w",(J9/100*2),0) -> 0 | L9: =J9-K9 -> 0
B10: =B7+1 -> 45999 | J10: =IF(I10="w",(F10-1)*G10,-G10) -> 0 | K10: =IF(I10="w",(J10/100*2),0) -> 0 | L10: =J10-K10 -> 0
J11: =IF(I11="w",(F11-1)*G11,-G11) -> 0 | K11: =IF(I11="w",(J11/100*2),0) -> 0 | L11: =J11-K11 -> 0
J12: =IF(I12="w",(F12-1)*G12,-G12) -> 0 | K12: =IF(I12="w",(J12/100*2),0) -> 0 | L12: =J12-K12 -> 0
B13: =B10+1 -> 46000 | J13: =IF(I13="w",(F13-1)*G13,-G13) -> 0 | K13: =IF(I13="w",(J13/100*2),0) -> 0 | L13: =J13-K13 -> 0
J14: =IF(I14="w",(F14-1)*G14,-G14) -> 0 | K14: =IF(I14="w",(J14/100*2),0) -> 0 | L14: =J14-K14 -> 0
J15: =IF(I15="w",(F15-1)*G15,-G15) -> 0 | K15: =IF(I15="w",(J15/100*2),0) -> 0 | L15: =J15-K15 -> 0
B16: =B13+1 -> 46001 | J16: =IF(I16="w",(F16-1)*G16,-G16) -> 0 | K16: =IF(I16="w",(J16/100*2),0) -> 0 | L16: =J16-K16 -> 0
J17: =IF(I17="w",(F17-1)*G17,-G17) -> 0 | K17: =IF(I17="w",(J17/100*2),0) -> 0 | L17: =J17-K17 -> 0
J18: =IF(I18="w",(F18-1)*G18,-G18) -> 0 | K18: =IF(I18="w",(J18/100*2),0) -> 0 | L18: =J18-K18 -> 0
B19: =B16+1 -> 46002 | J19: =IF(I19="w",(F19-1)*G19,-G19) -> 0 | K19: =IF(I19="w",(J19/100*2),0) -> 0 | L19: =J19-K19 -> 0
J20: =IF(I20="w",(F20-1)*G20,-G20) -> 0 | K20: =IF(I20="w",(J20/100*2),0) -> 0 | L20: =J20-K20 -> 0
J21: =IF(I21="w",(F21-1)*G21,-G21) -> 0 | K21: =IF(I21="w",(J21/100*2),0) -> 0 | L21: =J21-K21 -> 0
B22: =B19+1 -> 46003 | J22: =IF(I22="w",(F22-1)*G22,-G22) -> 0 | K22: =IF(I22="w",(J22/100*2),0) -> 0 | L22: =J22-K22 -> 0
J23: =IF(I23="w",(F23-1)*G23,-G23) -> 0 | K23: =IF(I23="w",(J23/100*2),0) -> 0 | L23: =J23-K23 -> 0
J24: =IF(I24="w",(F24-1)*G24,-G24) -> 0 | K24: =IF(I24="w",(J24/100*2),0) -> 0 | L24: =J24-K24 -> 0
B25: =B22+1 -> 46004 | J25: =IF(I25="w",(F25-1)*G25,-G25) -> 0 | K25: =IF(I25="w",(J25/100*2),0) -> 0 | L25: =J25-K25 -> 0
J26: =IF(I26="w",(F26-1)*G26,-G26) -> 0 | K26: =IF(I26="w",(J26/100*2),0) -> 0 | L26: =J26-K26 -> 0
J27: =IF(I27="w",(F27-1)*G27,-G27) -> 0 | K27: =IF(I27="w",(J27/100*2),0) -> 0 | L27: =J27-K27 -> 0
B28: =B25+1 -> 46005 | J28: =IF(I28="w",(F28-1)*G28,-G28) -> 0 | K28: =IF(I28="w",(J28/100*2),0) -> 0 | L28: =J28-K28 -> 0
J29: =IF(I29="w",(F29-1)*G29,-G29) -> 0 | K29: =IF(I29="w",(J29/100*2),0) -> 0 | L29: =J29-K29 -> 0
J30: =IF(I30="w",(F30-1)*G30,-G30) -> 0 | K30: =IF(I30="w",(J30/100*2),0) -> 0 | L30: =J30-K30 -> 0
B31: =B28+1 -> 46006 | J31: =IF(I31="w",(F31-1)*G31,-G31) -> 0 | K31: =IF(I31="w",(J31/100*2),0) -> 0 | L31: =J31-K31 -> 0
J32: =IF(I32="w",(F32-1)*G32,-G32) -> 0 | K32: =IF(I32="w",(J32/100*2),0) -> 0 | L32: =J32-K32 -> 0
J33: =IF(I33="w",(F33-1)*G33,-G33) -> 0 | K33: =IF(I33="w",(J33/100*2),0) -> 0 | L33: =J33-K33 -> 0
B34: =B31+1 -> 46007 | J34: =IF(I34="w",(F34-1)*G34,-G34) -> 0 | K34: =IF(I34="w",(J34/100*2),0) -> 0 | L34: =J34-K34 -> 0
J35: =IF(I35="w",(F35-1)*G35,-G35) -> 0 | K35: =IF(I35="w",(J35/100*2),0) -> 0 | L35: =J35-K35 -> 0
J36: =IF(I36="w",(F36-1)*G36,-G36) -> 0 | K36: =IF(I36="w",(J36/100*2),0) -> 0 | L36: =J36-K36 -> 0
B37: =B34+1 -> 46008 | J37: =IF(I37="w",(F37-1)*G37,-G37) -> 0 | K37: =IF(I37="w",(J37/100*2),0) -> 0 | L37: =J37-K37 -> 0
J38: =IF(I38="w",(F38-1)*G38,-G38) -> 0 | K38: =IF(I38="w",(J38/100*2),0) -> 0 | L38: =J38-K38 -> 0
J39: =IF(I39="w",(F39-1)*G39,-G39) -> 0 | K39: =IF(I39="w",(J39/100*2),0) -> 0 | L39: =J39-K39 -> 0
B40: =B37+1 -> 46009 | J40: =IF(I40="w",(F40-1)*G40,-G40) -> 0 | K40: =IF(I40="w",(J40/100*2),0) -> 0 | L40: =J40-K40 -> 0
J41: =IF(I41="w",(F41-1)*G41,-G41) -> 0 | K41: =IF(I41="w",(J41/100*2),0) -> 0 | L41: =J41-K41 -> 0
J42: =IF(I42="w",(F42-1)*G42,-G42) -> 0 | K42: =IF(I42="w",(J42/100*2),0) -> 0 | L42: =J42-K42 -> 0
B43: =B40+1 -> 46010 | J43: =IF(I43="w",(F43-1)*G43,-G43) -> 0 | K43: =IF(I43="w",(J43/100*2),0) -> 0 | L43: =J43-K43 -> 0
J44: =IF(I44="w",(F44-1)*G44,-G44) -> 0 | K44: =IF(I44="w",(J44/100*2),0) -> 0 | L44: =J44-K44 -> 0
J45: =IF(I45="w",(F45-1)*G45,-G45) -> 0 | K45: =IF(I45="w",(J45/100*2),0) -> 0 | L45: =J45-K45 -> 0
B46: =B43+1 -> 46011 | J46: =IF(I46="w",(F46-1)*G46,-G46) -> 0 | K46: =IF(I46="w",(J46/100*2),0) -> 0 | L46: =J46-K46 -> 0
J47: =IF(I47="w",(F47-1)*G47,-G47) -> 0 | K47: =IF(I47="w",(J47/100*2),0) -> 0 | L47: =J47-K47 -> 0
J48: =IF(I48="w",(F48-1)*G48,-G48) -> 0 | K48: =IF(I48="w",(J48/100*2),0) -> 0 | L48: =J48-K48 -> 0
B49: =B46+1 -> 46012 | J49: =IF(I49="w",(F49-1)*G49,-G49) -> 0 | K49: =IF(I49="w",(J49/100*2),0) -> 0 | L49: =J49-K49 -> 0
J50: =IF(I50="w",(F50-1)*G50,-G50) -> 0 | K50: =IF(I50="w",(J50/100*2),0) -> 0 | L50: =J50-K50 -> 0
J51: =IF(I51="w",(F51-1)*G51,-G51) -> 0 | K51: =IF(I51="w",(J51/100*2),0) -> 0 | L51: =J51-K51 -> 0
B52: =B49+1 -> 46013 | J52: =IF(I52="w",(F52-1)*G52,-G52) -> 0 | K52: =IF(I52="w",(J52/100*2),0) -> 0 | L52: =J52-K52 -> 0
J53: =IF(I53="w",(F53-1)*G53,-G53) -> 0 | K53: =IF(I53="w",(J53/100*2),0) -> 0 | L53: =J53-K53 -> 0
J54: =IF(I54="w",(F54-1)*G54,-G54) -> 0 | K54: =IF(I54="w",(J54/100*2),0) -> 0 | L54: =J54-K54 -> 0
B55: =B52+1 -> 46014 | J55: =IF(I55="w",(F55-1)*G55,-G55) -> 0 | K55: =IF(I55="w",(J55/100*2),0) -> 0 | L55: =J55-K55 -> 0
J56: =IF(I56="w",(F56-1)*G56,-G56) -> 0 | K56: =IF(I56="w",(J56/100*2),0) -> 0 | L56: =J56-K56 -> 0
J57: =IF(I57="w",(F57-1)*G57,-G57) -> 0 | K57: =IF(I57="w",(J57/100*2),0) -> 0 | L57: =J57-K57 -> 0
B58: =B55+1 -> 46015 | J58: =IF(I58="w",(F58-1)*G58,-G58) -> 0 | K58: =IF(I58="w",(J58/100*2),0) -> 0 | L58: =J58-K58 -> 0
J59: =IF(I59="w",(F59-1)*G59,-G59) -> 0 | K59: =IF(I59="w",(J59/100*2),0) -> 0 | L59: =J59-K59 -> 0
J60: =IF(I60="w",(F60-1)*G60,-G60) -> 0 | K60: =IF(I60="w",(J60/100*2),0) -> 0 | L60: =J60-K60 -> 0
B61: =B58+1 -> 46016 | J61: =IF(I61="w",(F61-1)*G61,-G61) -> 0 | K61: =IF(I61="w",(J61/100*2),0) -> 0 | L61: =J61-K61 -> 0
J62: =IF(I62="w",(F62-1)*G62,-G62) -> 0 | K62: =IF(I62="w",(J62/100*2),0) -> 0 | L62: =J62-K62 -> 0
J63: =IF(I63="w",(F63-1)*G63,-G63) -> 0 | K63: =IF(I63="w",(J63/100*2),0) -> 0 | L63: =J63-K63 -> 0
B64: =B61+1 -> 46017 | J64: =IF(I64="w",(F64-1)*G64,-G64) -> 0 | K64: =IF(I64="w",(J64/100*2),0) -> 0 | L64: =J64-K64 -> 0
J65: =IF(I65="w",(F65-1)*G65,-G65) -> 0 | K65: =IF(I65="w",(J65/100*2),0) -> 0 | L65: =J65-K65 -> 0
J66: =IF(I66="w",(F66-1)*G66,-G66) -> 0 | K66: =IF(I66="w",(J66/100*2),0) -> 0 | L66: =J66-K66 -> 0
B67: =B64+1 -> 46018 | J67: =IF(I67="w",(F67-1)*G67,-G67) -> 0 | K67: =IF(I67="w",(J67/100*2),0) -> 0 | L67: =J67-K67 -> 0
J68: =IF(I68="w",(F68-1)*G68,-G68) -> 0 | K68: =IF(I68="w",(J68/100*2),0) -> 0 | L68: =J68-K68 -> 0
J69: =IF(I69="w",(F69-1)*G69,-G69) -> 0 | K69: =IF(I69="w",(J69/100*2),0) -> 0 | L69: =J69-K69 -> 0
B70: =B67+1 -> 46019 | J70: =IF(I70="w",(F70-1)*G70,-G70) -> 0 | K70: =IF(I70="w",(J70/100*2),0) -> 0 | L70: =J70-K70 -> 0
J71: =IF(I71="w",(F71-1)*G71,-G71) -> 0 | K71: =IF(I71="w",(J71/100*2),0) -> 0 | L71: =J71-K71 -> 0
J72: =IF(I72="w",(F72-1)*G72,-G72) -> 0 | K72: =IF(I72="w",(J72/100*2),0) -> 0 | L72: =J72-K72 -> 0
B73: =B70+1 -> 46020 | J73: =IF(I73="w",(F73-1)*G73,-G73) -> 0 | K73: =IF(I73="w",(J73/100*2),0) -> 0 | L73: =J73-K73 -> 0
J74: =IF(I74="w",(F74-1)*G74,-G74) -> 0 | K74: =IF(I74="w",(J74/100*2),0) -> 0 | L74: =J74-K74 -> 0
J75: =IF(I75="w",(F75-1)*G75,-G75) -> 0 | K75: =IF(I75="w",(J75/100*2),0) -> 0 | L75: =J75-K75 -> 0
B76: =B73+1 -> 46021 | J76: =IF(I76="w",(F76-1)*G76,-G76) -> 0 | K76: =IF(I76="w",(J76/100*2),0) -> 0 | L76: =J76-K76 -> 0
J77: =IF(I77="w",(F77-1)*G77,-G77) -> 0 | K77: =IF(I77="w",(J77/100*2),0) -> 0 | L77: =J77-K77 -> 0
J78: =IF(I78="w",(F78-1)*G78,-G78) -> 0 | K78: =IF(I78="w",(J78/100*2),0) -> 0 | L78: =J78-K78 -> 0
B79: =B76+1 -> 46022 | J79: =IF(I79="w",(F79-1)*G79,-G79) -> 0 | K79: =IF(I79="w",(J79/100*2),0) -> 0 | L79: =J79-K79 -> 0
J80: =IF(I80="w",(F80-1)*G80,-G80) -> 0 | K80: =IF(I80="w",(J80/100*2),0) -> 0 | L80: =J80-K80 -> 0
J81: =IF(I81="w",(F81-1)*G81,-G81) -> 0 | K81: =IF(I81="w",(J81/100*2),0) -> 0 | L81: =J81-K81 -> 0
B82: =B79+1 -> 46023 | J82: =IF(I82="w",(F82-1)*G82,-G82) -> 0 | K82: =IF(I82="w",(J82/100*2),0) -> 0 | L82: =J82-K82 -> 0
J83: =IF(I83="w",(F83-1)*G83,-G83) -> 0 | K83: =IF(I83="w",(J83/100*2),0) -> 0 | L83: =J83-K83 -> 0
J84: =IF(I84="w",(F84-1)*G84,-G84) -> 0 | K84: =IF(I84="w",(J84/100*2),0) -> 0 | L84: =J84-K84 -> 0
B85: =B82+1 -> 46024 | J85: =IF(I85="w",(F85-1)*G85,-G85) -> 0 | K85: =IF(I85="w",(J85/100*2),0) -> 0 | L85: =J85-K85 -> 0
J86: =IF(I86="w",(F86-1)*G86,-G86) -> 0 | K86: =IF(I86="w",(J86/100*2),0) -> 0 | L86: =J86-K86 -> 0
J87: =IF(I87="w",(F87-1)*G87,-G87) -> 0 | K87: =IF(I87="w",(J87/100*2),0) -> 0 | L87: =J87-K87 -> 0
B88: =B85+1 -> 46025 | J88: =IF(I88="w",(F88-1)*G88,-G88) -> 0 | K88: =IF(I88="w",(J88/100*2),0) -> 0 | L88: =J88-K88 -> 0
J89: =IF(I89="w",(F89-1)*G89,-G89) -> 0 | K89: =IF(I89="w",(J89/100*2),0) -> 0 | L89: =J89-K89 -> 0
J90: =IF(I90="w",(F90-1)*G90,-G90) -> 0 | K90: =IF(I90="w",(J90/100*2),0) -> 0 | L90: =J90-K90 -> 0
B91: =B88+1 -> 46026 | J91: =IF(I91="w",(F91-1)*G91,-G91) -> 0 | K91: =IF(I91="w",(J91/100*2),0) -> 0 | L91: =J91-K91 -> 0
J92: =IF(I92="w",(F92-1)*G92,-G92) -> 0 | K92: =IF(I92="w",(J92/100*2),0) -> 0 | L92: =J92-K92 -> 0
J93: =IF(I93="w",(F93-1)*G93,-G93) -> 0 | K93: =IF(I93="w",(J93/100*2),0) -> 0 | L93: =J93-K93 -> 0
B94: =B91+1 -> 46027 | J94: =IF(I94="w",(F94-1)*G94,-G94) -> 0 | K94: =IF(I94="w",(J94/100*2),0) -> 0 | L94: =J94-K94 -> 0
J95: =IF(I95="w",(F95-1)*G95,-G95) -> 0 | K95: =IF(I95="w",(J95/100*2),0) -> 0 | L95: =J95-K95 -> 0
J96: =IF(I96="w",(F96-1)*G96,-G96) -> 0 | K96: =IF(I96="w",(J96/100*2),0) -> 0 | L96: =J96-K96 -> 0
B97: =B94+1 -> 46028 | J97: =IF(I97="w",(F97-1)*G97,-G97) -> 0 | K97: =IF(I97="w",(J97/100*2),0) -> 0 | L97: =J97-K97 -> 0
J98: =IF(I98="w",(F98-1)*G98,-G98) -> 0 | K98: =IF(I98="w",(J98/100*2),0) -> 0 | L98: =J98-K98 -> 0
J99: =IF(I99="w",(F99-1)*G99,-G99) -> 0 | K99: =IF(I99="w",(J99/100*2),0) -> 0 | L99: =J99-K99 -> 0
E100: Avg. Price | G100: =SUM(G7:G99) -> 0 | H100: Pts Staked | I100: PnL | J100: =SUM(J7:J99) -> 0 | K100: =SUM(K7:K99) -> 0 | L100: =J100-K100 -> 0

Sheet PXCS - CHART
B2: PR0-XCS - 'MONTH' 2025: DAILY RESULTS
B4: Day | C4: Day Points: Profit / Loss | D4: Bank: Total Points
B5: 0 | C5: 0 | D5: 0
B6: 1 | C6: =SUM('PXCS - Results'!L7:L9) -> 0 | D6: =D5+C6 -> 0
B7: 2 | C7: =SUM('PXCS - Results'!L10:L12) -> 0 | D7: =D6+C7 -> 0
B8: 3 | C8: =SUM('PXCS - Results'!L13:L15) -> 0 | D8: =D7+C8 -> 0
B9: 4 | C9: =SUM('PXCS - Results'!L10:L12) -> 0 | D9: =D8+C9 -> 0
B10: 5 | C10: =SUM('PXCS - Results'!L13:L15) -> 0 | D10: =D9+C10 -> 0
B11: 6 | C11: =SUM('PXCS - Results'!L16:L18) -> 0 | D11: =D10+C11 -> 0
B12: 7 | C12: =SUM('PXCS - Results'!L13:L15) -> 0 | D12: =D11+C12 -> 0
B13: 8 | C13: =SUM('PXCS - Results'!L16:L18) -> 0 | D13: =D12+C13 -> 0
B14: 9 | C14: =SUM('PXCS - Results'!L19:L21) -> 0 | D14: =D13+C14 -> 0
B15: 10 | C15: =SUM('PXCS - Results'!L16:L18) -> 0 | D15: =D14+C15 -> 0
B16: 11 | C16: =SUM('PXCS - Results'!L19:L21) -> 0 | D16: =D15+C16 -> 0
B17: 12 | C17: =SUM('PXCS - Results'!L22:L24) -> 0 | D17: =D16+C17 -> 0
B18: 13 | C18: =SUM('PXCS - Results'!L19:L21) -> 0 | D18: =D17+C18 -> 0
B19: 14 | C19: =SUM('PXCS - Results'!L22:L24) -> 0 | D19: =D18+C19 -> 0
B20: 15 | C20: =SUM('PXCS - Results'!L25:L27) -> 0 | D20: =D19+C20 -> 0
B21: 16 | C21: =SUM('PXCS - Results'!L22:L24) -> 0 | D21: =D20+C21 -> 0
B22: 17 | C22: =SUM('PXCS - Results'!L25:L27) -> 0 | D22: =D21+C22 -> 0
B23: 18 | C23: =SUM('PXCS - Results'!L28:L30) -> 0 | D23: =D22+C23 -> 0
B24: 19 | C24: =SUM('PXCS - Results'!L25:L27) -> 0 | D24: =D23+C24 -> 0
B25: 20 | C25: =SUM('PXCS - Results'!L28:L30) -> 0 | D25: =D24+C25 -> 0
B26: 21 | C26: =SUM('PXCS - Results'!L31:L33) -> 0 | D26: =D25+C26 -> 0
B27: 22 | C27: =SUM('PXCS - Results'!L28:L30) -> 0 | D27: =D26+C27 -> 0
B28: 23 | C28: =SUM('PXCS - Results'!L31:L33) -> 0 | D28: =D27+C28 -> 0
B29: 24 | C29: =SUM('PXCS - Results'!L34:L36) -> 0 | D29: =D28+C29 -> 0
B30: 25 | C30: =SUM('PXCS - Results'!L31:L33) -> 0 | D30: =D29+C30 -> 0
B31: 26 | C31: =SUM('PXCS - Results'!L34:L36) -> 0 | D31: =D30+C31 -> 0
B32: 27 | C32: =SUM('PXCS - Results'!L37:L39) -> 0 | D32: =D31+C32 -> 0
B33: 28 | C33: =SUM('PXCS - Results'!L34:L36) -> 0 | D33: =D32+C33 -> 0
B34: 29 | C34: =SUM('PXCS - Results'!L37:L39) -> 0 | D34: =D33+C34 -> 0
B35: 30 | C35: =SUM('PXCS - Results'!L40:L42) -> 0 | D35: =D34+C35 -> 0
